 Dungeon Sprint DCSS version 0.19-a0-1553-g64c24c3 (webtiles) character file.

36490 poirepourri the Ninja (level 13, -19/55 HPs)
             Began as a Spriggan Enchanter on Sept 14, 2016.
             Was the Champion of Dithmenos.
             Demolished by an Orb Guardian (44 damage)
             ... in the Dungeon (Sprint IV: "Fedhas' Mad Dash").
             The game lasted 00:16:40 (5685 turns).

poirepourri the Ninja (Spriggan Enchanter)          Turns: 5685, Time: 00:16:41

Health: -19/55     AC:  8    Str:  4    XL:     13   Next: 53%
Magic:  36/36      EV: 32    Int: 16    God:    Dithmenos [******]
Gold:   11         SH: 11    Dex: 22    Spells: 6 memorised, 31 levels left

rFire  . . .     SeeInvis +     p - +3 rapier (protect)
rCold  . . .     Gourm    .     b - +1 robe
rNeg   . . .     Faith    .     q - +2 buckler
rPois  .         Spirit   .     (helmet restricted)
rElec  .         Dismiss  .     (no cloak)
rCorr  .         Reflect  .     (gloves unavailable)
MR     ++...     Harm     .     (boots unavailable)
Stlth  ++++++++.. NoTele   +    i - amulet of invisibility {+Inv}
                                (no ring)
                                f - ring of wizardry

@: very slightly contaminated, wreathed by umbra, invisible, very quick
A: unfitting armour, see invisible, herbivore 3, speed 3, slow metabolism 2
a: Shadow Step, Shadow Form, Renounce Religion, Turn Visible
0: Orb of Zot


You were in the Dungeon.
You worshipped Dithmenos.
Dithmenos was exalted by your worship.
You were not hungry.

You visited 1 branch You collected 487 gold pieces.
You spent 476 gold pieces at shops.

Inventory:

Hand Weapons
 a - a +1 dagger
 p - a +3 rapier of protection (weapon)
Armour
 b - a +1 robe (worn)
 q - a +2 buckler (worn)
Jewellery
 f - a ring of wizardry (left hand)
 h - the amulet "Juvolig" {Gourm Dex+3}
   (You found it in the Dungeon)

   [amulet of the gourmand]

   It allows you to eat raw meat even when not hungry.
   It affects your dexterity (+3).
 i - the amulet of invisibility (around neck) {+Inv}
   (You found it in the Dungeon)

   [amulet of nothing]

   It lets you turn invisible.
 m - an uncursed amulet of harm
Potions
 d - a potion of haste
 e - 4 potions of curing
 r - a potion of agility
Books
 c - a book of Maledictions

   Spells                             Type                      Level
   a - Corona                         Hexes                        1
   b - Ensorcelled Hibernation        Hexes/Ice                    2
   c - Confuse                        Hexes                        3
   d - Tukima's Dance                 Hexes                        3
   e - Dazzling Spray                 Conjuration/Hexes            3
 k - a book of Transfigurations

   Spells                             Type                      Level
   a - Irradiate                      Conjuration/Transmutation    5
   b - Statue Form                    Transmutation/Earth          6
   c - Hydra Form                     Transmutation                6
   d - Dragon Form                    Transmutation                7
 o - a book of Death

   Spells                             Type                      Level
   a - Corpse Rot                     Necromancy                   2
   b - Sublimation of Blood           Necromancy                   2
   c - Agony                          Necromancy                   5
   d - Dispel Undead                  Necromancy                   5
   e - Excruciating Wounds            Charms/Necromancy            5
   f - Bolt of Draining               Conjuration/Necromancy       5
Miscellaneous
 n - a disc of storms
Comestibles
 l - 8 royal jellies


   Skills:
 - Level 0.2 Fighting
 + Level 15.0 Short Blades
 + Level 13.1 Dodging
 O Level 27 Stealth
 - Level 7.2 Shields
 + Level 18.3 Spellcasting
 + Level 3.9 Conjurations
 + Level 19.7 Hexes
 + Level 3.1 Ice Magic
 - Level 1.0 Invocations
 + Level 5.4 Evocations


You had 31 spell levels left.
You knew the following spells:

 Your Spells              Type           Power        Failure   Level  Hunger
a - Corona                Hex            ######.      0%          1    None
b - Ensorcelled Hibernat  Hex/Ice        ######       1%          2    None
c - Confuse               Hex            ######..     0%          3    None
d - Tukima's Dance        Hex            ######..     0%          3    None
e - Dazzling Spray        Conj/Hex       ######       1%          3    None
f - Bolt of Draining      Conj/Necr      ###.......   22%         5    ###....


Dungeon Overview and Level Annotations

Branches:
Dungeon (1/1)

Altars:
Cheibriados
Dithmenos
Elyvilon
Gozag
Hepliaklqana
Kikubaaqudgha
Makhleb
Nemelex Xobeh
Okawaru
Qazlal
Ru
Sif Muna
Trog
Uskayaw
Vehumet
Xom
Yredelemnul
Zin
The Shining One
Beogh
Jiyva
Lugonu

Shops:
D *}(*:[([!(%%:!(((=%?*


Innate Abilities, Weirdness & Mutations

You are tiny and cannot use many weapons and most armour.
You have supernaturally acute eyesight. (SInv)
You are a herbivore.
You cover ground extremely quickly.
You need consume almost no food.


Message History

a lajatang; a runed robe You block the shadow dragon's attack.
The shadow dragon misses you. The shadow dragon claws you.
The Orb Guardian barely misses you.
The ynoxinul gestures.
Boprid gestures.
Boprid seems to speed up.
You block the Orb Guardian's attack. You block the ufetubus's attack.
The ufetubus completely misses you.
An Orb Guardian comes into view.
You block the ufetubus's attack. The ufetubus completely misses you.
The iron dragon closely misses you. The iron dragon claws you.
You emit a cloud of dark smoke.
The iron dragon tramples you!
You emit a cloud of dark smoke.
You hold your ground!
The ynoxinul gestures.
You strike the helpless ufetubus from behind!
You skewer the ufetubus like a kebab!!!
You kill the ufetubus!
You block the ufetubus's attack. The ufetubus completely misses you.
The Orb Guardian hits you!!!
Ouch! That really hurt!
You die...

..._._._._...#..###'##.)%##∩#..##
.._._._._._..#..##∩∩.'...#####..)
.⌠._._._._.⌠.#################...
##################....%.###....)♣
♣♣♣♣♣..♣.###.'.X'.....(.'.'..)♣..
.....♣..♣##..#..#.P.....#########
..♣♣♣.♣).###.##'##.P....#
♣♣.(♣...♣'...#♣§♣########
##############.§@X.#### .....#
###.5♣D5♣D...###
...P.#####.)§♣§&3...♣...♣###
..)P......§§§4♣5)...∩.∩..[}#
...4...#####################
######## ####### #######
###..#####..P∩∩###....|###
#.)..'.........##...P.)'†#
#....#####P....'......[###


You could see Boprid, a shadow dragon, an iron dragon, 2 Orb Guardians, a
ynoxinul and 3 ufetubi.

Vanquished Creatures
  the Enchantress (D)
  Agnes (D)
  2 ghost moths (D)
  6 spriggan defenders (D)
  5 spriggan berserkers (D)
  A sixfirhy (D)
  4 spriggan druids (D)
  25 oklob plants (D)
  3 moths of wrath (D)
  4 demonic crawlers (D)
  3 wandering mushrooms (D)
  3 burning bushes (D)
  2 queen bees (D)
  10 wasps (D)
  2 scorpions (D)
  4 killer bees (D)
  5 oklob saplings (D)
  2 worker ants (D)
  11 spriggans (D)
  A river rat (D)
  A shadow imp (D)
  A rat (D)
  A ballistomycete (D)
  2 giant spores (D)
100 creatures vanquished.

Vanquished Creatures (others)
  A ballistomycete (D)
  A bush (D)
2 creatures vanquished.

Grand Total: 102 creatures vanquished

Notes
Turn   | Place    | Note
-------+----------+-------------------------------------------
     0 | D        | poirepourri the Spriggan Enchanter began the quest for the Orb.
     0 | D        | Reached XP level 1. HP: 9/9 MP: 5/5
    16 | D        | Reached skill level 7 in Stealth
    16 | D        | Reached XP level 2. HP: 13/13 MP: 2/6
   269 | D        | Learned a level 2 spell: Ensorcelled Hibernation
   277 | D        | Noticed an oklob sapling
   279 | D        | Killed an oklob sapling
   279 | D        | Reached skill level 5 in Dodging
   279 | D        | Reached skill level 9 in Stealth
   279 | D        | Reached XP level 3. HP: 16/16 MP: 8/8
   283 | D        | Reached skill level 10 in Stealth
   303 | D        | Learned a level 3 spell: Confuse
   305 | D        | Noticed an oklob sapling
   308 | D        | Killed an oklob sapling
   308 | D        | Reached skill level 11 in Stealth
   308 | D        | Reached XP level 4. HP: 21/21 MP: 9/9
   321 | D        | Found an opulent altar of Gozag.
   321 | D        | Found a hazy altar of Hepliaklqana.
   321 | D        | Found a burning altar of Makhleb.
   321 | D        | Found a roughly hewn altar of Beogh.
   321 | D        | Found a sparkling altar of Nemelex Xobeh.
   321 | D        | Found a snail-covered altar of Cheibriados.
   321 | D        | Found a sacrificial altar of Ru.
   321 | D        | Found a deep blue altar of Sif Muna.
   321 | D        | Found a shimmering altar of Xom.
   321 | D        | Found a basalt altar of Yredelemnul.
   322 | D        | Found a viscous altar of Jiyva.
   322 | D        | Found a bloodstained altar of Trog.
   323 | D        | Found an iron altar of Okawaru.
   323 | D        | Found a shadowy altar of Dithmenos.
   323 | D        | Found a glowing silver altar of Zin.
   324 | D        | Found an ancient bone altar of Kikubaaqudgha.
   324 | D        | Found a hide-covered altar of Uskayaw.
   328 | D        | Found a glowing golden altar of the Shining One.
   328 | D        | Found a stormy altar of Qazlal.
   328 | D        | Found a white marble altar of Elyvilon.
   329 | D        | Found a radiant altar of Vehumet.
   329 | D        | Found a corrupted altar of Lugonu.
   335 | D        | Reached skill level 12 in Stealth
   335 | D        | Reached skill level 5 in Hexes
   683 | D        | Became a worshipper of Dithmenos the Shadowed
   688 | D        | Learned a level 3 spell: Tukima's Dance
   697 | D        | Reached skill level 13 in Stealth
   697 | D        | Reached XP level 5. HP: 24/24 MP: 10/12
   722 | D        | Reached * piety under Dithmenos
   722 | D        | Reached skill level 5 in Spellcasting
   724 | D        | Reached skill level 14 in Stealth
   839 | D        | Learned a level 3 spell: Dazzling Spray
   840 | D        | Found Echer's Weapon Shop.
   840 | D        | Found Woihef's Distillery.
   847 | D        | Noticed a burning bush
   847 | D        | Noticed a wandering mushroom
   848 | D        | Noticed a wandering mushroom
   850 | D        | Killed a wandering mushroom
   850 | D        | Reached skill level 15 in Stealth
   850 | D        | Reached XP level 6. HP: 28/28 MP: 13/16
   852 | D        | Killed a burning bush
   852 | D        | Reached ** piety under Dithmenos
   852 | D        | Reached skill level 17 in Stealth
   852 | D        | Reached XP level 7. HP: 32/32 MP: 13/18
   864 | D        | Killed a wandering mushroom
   864 | D        | Reached skill level 5 in Short Blades
   864 | D        | Reached skill level 10 in Hexes
   969 | D        | Found Jeakk's Food Emporium.
   969 | D        | Found Kywied's Jewellery Shoppe.
  1024 | D        | Noticed a queen bee
  1030 | D        | Killed a queen bee
  1030 | D        | Reached skill level 18 in Stealth
  1030 | D        | Reached XP level 8. HP: 36/36 MP: 15/21
  1031 | D        | Reached *** piety under Dithmenos
  1068 | D        | Noticed an oklob plant
  1071 | D        | Killed an oklob plant
  1071 | D        | Reached **** piety under Dithmenos
  1071 | D        | Reached skill level 19 in Stealth
  1071 | D        | Reached skill level 1 in Invocations
  1084 | D        | Noticed a burning bush
  1094 | D        | Killed a burning bush
  1094 | D        | Reached skill level 20 in Stealth
  1106 | D        | Noticed a burning bush
  1106 | D        | Noticed an oklob plant
  1107 | D        | Noticed a wandering mushroom
  1108 | D        | Killed a burning bush
  1108 | D        | Reached XP level 9. HP: 39/39 MP: 19/23
  1685 | D        | Killed a wandering mushroom
  1685 | D        | Reached ***** piety under Dithmenos
  1685 | D        | Reached skill level 10 in Spellcasting
  1691 | D        | Killed an oklob plant
  1948 | D        | Noticed a spriggan druid
  1949 | D        | Killed a spriggan druid
  1949 | D        | Reached skill level 21 in Stealth
  1966 | D        | Noticed an oklob plant conjurer
  1968 | D        | Killed an oklob plant conjurer
  2212 | D        | Noticed Agnes
  2214 | D        | Found Fibif's Weapon Emporium.
  2214 | D        | Found Nazaa's Antique Weapon Shoppe.
  2215 | D        | Killed Agnes
  2215 | D        | Reached skill level 22 in Stealth
  2215 | D        | Reached XP level 10. HP: 44/44 MP: 21/27
  2219 | D        | Noticed a spriggan berserker
  2221 | D        | Killed a spriggan berserker
  2221 | D        | Reached skill level 23 in Stealth
  2227 | D        | Noticed a spriggan defender
  2231 | D        | Killed a spriggan defender
  2287 | D        | Noticed an oklob plant
  2288 | D        | Noticed an oklob plant shifter
  2288 | D        | Noticed an oklob plant summoner
  2289 | D        | Killed an oklob plant
  2289 | D        | Reached skill level 1 in Shields
  2291 | D        | Killed an oklob plant summoner
  2293 | D        | Killed an oklob plant shifter
  2293 | D        | Reached skill level 15 in Hexes
  2315 | D        | Reached skill level 24 in Stealth
  2315 | D        | Reached XP level 11. HP: 47/47 MP: 28/30
  2326 | D        | Noticed a spriggan rider
  2327 | D        | Found Vanemnovua's Magic Scroll Emporium.
  2327 | D        | Found Piwkiceaxt's Assorted Antiques.
  2328 | D        | Killed a spriggan rider
  2339 | D        | Bought a scroll of identify for 44 gold pieces
  2382 | D        | Noticed a spriggan rider
  2388 | D        | Killed a spriggan rider
  2388 | D        | Reached ****** piety under Dithmenos
  2401 | D        | Noticed a ghost moth
  2420 | D        | Found Feuwawn's Gadget Boutique.
  2420 | D        | Found Ysecoxt's Weapon Emporium.
  2420 | D        | Found Boellakecs's Assorted Antiques.
  2656 | D        | Killed a ghost moth
  2656 | D        | Reached skill level 25 in Stealth
  2995 | D        | Noticed an oklob plant meteorologist
  2997 | D        | Killed an oklob plant meteorologist
  2997 | D        | Reached skill level 10 in Short Blades
  2998 | D        | Noticed an oklob plant shifter
  3000 | D        | Killed an oklob plant shifter
  3142 | D        | Noticed a spriggan rider
  3146 | D        | Killed a spriggan rider
  3146 | D        | Reached skill level 5 in Shields
  3199 | D        | Noticed an oklob plant summoner
  3200 | D        | Found Xorov's Food Emporium.
  3200 | D        | Found Toyczigyxyu's Book Shop.
  3201 | D        | Killed an oklob plant summoner
  3201 | D        | Reached skill level 26 in Stealth
  3210 | D        | Noticed an oklob plant demonologist
  3210 | D        | Noticed an oklob plant annihilator
  3211 | D        | Noticed a spriggan berserker
  3212 | D        | Killed an oklob plant demonologist
  3212 | D        | Reached skill level 1 in Conjurations
  3214 | D        | Killed a spriggan berserker
  3221 | D        | Killed an oklob plant annihilator
  3422 | D        | Got a crude brass amulet
  3432 | D        | Identified the amulet "Juvolig" {Gourm Dex+3} (You found it in the Dungeon)
  3455 | D        | Found Numuk's Book Shoppe.
  3455 | D        | Found Fuogiom's Antique Armour Boutique.
  3455 | D        | Found Nato Vij's General Store.
  3455 | D        | Found Poatagh's Armour Emporium.
  3455 | D        | Found Adiub's Weapon Shoppe.
  3456 | D        | Found Fawyac's Antique Weapon Emporium.
  3456 | D        | Found Lawan's Food Shop.
  3456 | D        | Found Baemu's Distillery.
  3479 | D        | Noticed an oklob plant
  3479 | D        | Noticed an oklob plant
  3479 | D        | Noticed an oklob plant
  3479 | D        | Noticed an oklob plant
  3479 | D        | Noticed an oklob plant
  3479 | D        | Noticed an oklob plant
  3480 | D        | Noticed an oklob plant
  3481 | D        | Killed an oklob plant
  3482 | D        | Noticed an oklob plant
  3483 | D        | Killed an oklob plant
  3484 | D        | Noticed an oklob plant
  3485 | D        | Killed an oklob plant
  3485 | D        | Reached XP level 12. HP: 51/51 MP: 31/31
  3487 | D        | Reached skill level 27 in Stealth
  3487 | D        | Reached skill level 15 in Spellcasting
  3555 | D        | Reached skill level 1 in Evocations
  3657 | D        | Noticed a spriggan defender
  3657 | D        | Noticed a spriggan defender
  3659 | D        | Killed a spriggan defender
  3659 | D        | Reached skill level 10 in Dodging
  3660 | D        | Killed a spriggan defender
  4055 | D        | Noticed a spriggan defender
  4068 | D        | Killed a spriggan defender
  4068 | D        | Reached skill level 1 in Ice Magic
  4104 | D        | Noticed the Enchantress
  4106 | D        | Killed the Enchantress
  4106 | D        | Reached skill level 5 in Evocations
  4106 | D        | Reached XP level 13. HP: 55/55 MP: 29/34
  4532 | D        | Noticed a ghost moth
  4535 | D        | Killed a ghost moth
  4536 | D        | Reached skill level 15 in Short Blades
  4569 | D        | Noticed a spriggan defender
  4569 | D        | Noticed a spriggan defender
  4670 | D        | Killed a spriggan defender
  4902 | D        | Killed a spriggan defender
  4941 | D        | Learned a level 5 spell: Bolt of Draining
  5055 | D        | Bought a potion of haste for 120 gold pieces
  5055 | D        | Bought a potion of curing for 36 gold pieces
  5055 | D        | Bought a potion of curing for 36 gold pieces
  5260 | D        | Bought a potion of heal wounds for 60 gold pieces
  5260 | D        | Bought a potion of invisibility for 96 gold pieces
  5260 | D        | Bought a potion of curing for 36 gold pieces
  5260 | D        | Bought a potion of agility for 48 gold pieces
  5506 | D        | Got the Orb of Zot
  5548 | D        | Noticed an Orb Guardian
  5556 | D        | Noticed a blizzard demon
  5660 | D        | Noticed Boprid the pandemonium lord
  5669 | D        | Noticed an iron dragon
  5671 | D        | Noticed an Orb Guardian
  5672 | D        | Noticed a shadow dragon
  5684 | D        | Noticed an Orb Guardian
  5685 | D        | Demolished by an Orb Guardian

Vault maps used:
D:        dungeon_sprint_fedhas

Skill      XL: |  1  2  3  4  5  6  7  8  9 10 11 12 13 |
---------------+----------------------------------------+-----
Dodging        | 4 5 6 7 8 12 13 | 13.1
Stealth        | 7 9 11 13 15 17 18 20 22 24 26 27 | 27.0
Short Blades   | 2 4 5 7 8 9 10 14 15 | 15.0
Spellcasting   | 4 6 7 8 9 12 14 16 18 | 18.3
Hexes          | 5 8 9 10 11 13 15 16 18 19 | 19.7
Invocations    | 1 |  1.0
Shields        | 2 6 7 |  7.2
Conjurations   | 1 2 3 |  3.9
Evocations     | 5 |  5.4
Ice Magic      | 1 3 |  3.1
Fighting       | |  0.2

Action                   |  1- 3 |  4- 6 |  7- 9 | 10-12 | 13-15 || total
-------------------------+-------+-------+-------+-------+-------++-------
Melee: Dagger            |     6 |    10 |    31 |     2 |       ||    49
       Rapier            |       |       |       |    63 |    19 ||    82
 Cast: Corona            |     3 |       |       |       |       ||     3
       Confuse           |       |     2 |    14 |    10 |     6 ||    32
       Dazzling Spray    |       |       |     1 |    17 |    15 ||    33
       Ensorcelled Hiber |       |       |       |     3 |     6 ||     9
Invok: Shadow Step       |       |       |     2 |    15 |     6 ||    23
 Abil: Evoke Invisibilit |       |       |       |     1 |     1 ||     2
  Use: Potion            |     1 |       |       |     3 |     3 ||     7
       Scroll            |     1 |       |     1 |     3 |       ||     5
 Stab: Sleeping          |     3 |     6 |    11 |    39 |    11 ||    70
       Confused          |       |     2 |     6 |     1 |     1 ||    10
       Invisible         |       |       |       |     6 |     3 ||     9
       Distracted        |       |       |       |       |     1 ||     1
  Eat: Royal jelly       |       |       |       |     1 |       ||     1
       Bread ration      |       |       |       |     1 |       ||     1
Armor: Robe              |       |       |       |     2 |       ||     2
Dodge: Dodged            |     1 |       |     6 |    21 |    30 ||    58
Block: Buckler           |       |       |       |     2 |    18 ||    20
